 Dungeon Crawl Stone Soup version 0.27.0-1-g7a089689b8 (webtiles) character file.

Game seed: 883118260784755949

2341 PentaManta the Grappler (level 9, -11/78 HPs)
             Began as a Ghoul Monk on Aug 14, 2021.
             Was a Believer of Okawaru.
             Mangled by Joseph (17 damage)
             ... on level 7 of the Dungeon.
             The game lasted 00:11:00 (7111 turns).

PentaManta the Grappler (Ghoul Monk)                Turns: 7111, Time: 00:11:01

Health: -11/78     AC:  9    Str: 17    XL:     9   Next: 43%
Magic:  8/8        EV: 10    Int:  6    God:    Okawaru [**....]
Gold:   402        SH:  0    Dex: 11    Spells: 8/8 levels left

rFire    . . .     SeeInvis .     - Unarmed
rCold    + . .     Faith    .   (no shield)
rNeg     + + +     Spirit   .   l - +0 scale mail
rPois    ∞         Reflect  .   (no helmet)
rElec    .         Harm     .   (no cloak)
rCorr    .         Rampage  .   (no gloves)
Will     .....                  t - +1 pair of boots
Stlth    ..........             (no amulet)
HPRegen  0.00/turn              (no ring)
MPRegen  0.11/turn              (no ring)

@: inhibited regen
A: claws 1, cold resistance 1, negative energy resistance 3, inhibited
regeneration, torment resistance 2
a: Renounce Religion, Heroism


You were on level 7 of the Dungeon.
You worshipped Okawaru.
Okawaru was pleased with you.
You visited 2 branches of the dungeon, and saw 10 of its levels.

You collected 402 gold pieces.

Inventory:

Missiles
 g - 33 poisoned darts
 m - 13 javelins
 z - 4 curare-tipped darts
 D - 3 silver boomerangs (quivered)
Armour
 l - a +0 scale mail (worn)
 t - a +1 pair of boots (worn)
 x - +0 steam dragon scales
 B - a +0 buckler
 C - a +0 plate armour
Wands
 a - a wand of iceblast (20)
 b - a wand of charming (6)
 c - a wand of polymorph (12)
 s - a wand of paralysis (4)
Scrolls
 h - 2 scrolls of immolation {unknown}
 i - 2 scrolls of identify {unknown}
 o - 2 scrolls of teleportation {unknown}
 r - a scroll of holy word {unknown}
 v - 2 scrolls of enchant weapon {unknown}
 w - 2 scrolls of fog {unknown}
 y - a scroll of acquirement {unknown}
 E - a scroll of brand weapon {unknown}
 F - a scroll of amnesia {unknown}
Potions
 d - a potion of degeneration {unknown}
 e - 4 potions of heal wounds {unknown}
 f - a potion of curing {unknown}
 j - a potion of might {unknown}
 k - 2 potions of mutation {unknown}
 n - a potion of attraction {unknown}
 p - a potion of flight {unknown}
 q - 2 potions of brilliance {unknown}
 u - a potion of lignification {unknown}
 A - a potion of magic {unknown}


   Skills:
 * Level 6.7 Fighting
 * Level 4.6 Armour
 - Level 2.6 Dodging
 - Level 2.1 Stealth
 + Level 11.0 Unarmed Combat


You had 8 spell levels left.
You didn't know any spells.
Your spell library contained the following spells:

 Spells                   Type           Power      Damage    Failure   Level
 Sandblast                Erth           0%         2d4       85%         1
 Corpse Rot               Necr/Air       N/A        N/A       94%         2
 Passwall                 Tmut/Erth      0%         N/A       94%         2
 Tukima's Dance           Hex            0%         N/A       99%         3
 Dispel Undead            Necr           0%         3d6       100%        4
 Passage of Golubria      Tloc           N/A        N/A       100%        4
 Lee's Rapid Deconstruct  Erth           0%         3d5*      100%        5
 Yara's Violent Unravell  Hex/Tmut       0%         3d3       100%        5
 Death Channel            Necr           0%         N/A       100%        6


Dungeon Overview and Level Annotations

Branches:
Dungeon (9/15)             Temple (1/1) D:6
   Lair: D:8-11         Orc: D:9-12

Altars:
Ashenzari
Dithmenos
Elyvilon
Fedhas
Hepliaklqana
Kikubaaqudgha
Makhleb
Nemelex Xobeh
Okawaru
Ru
Sif Muna
Uskayaw
Vehumet
Wu Jian
Yredelemnul
Zin
The Shining One
Lugonu

Shops:
D:1 =

Annotations:
D:7 Joseph


Innate Abilities, Weirdness & Mutations

You thrive by killing the living.
You are immune to poison.
You have sharp fingernails.
Your flesh is cold resistant. (rC+)
You are immune to negative energy. (rN+++)
You do not regenerate when monsters are visible.
You are immune to unholy pain and torment.


Message History

Joseph hits you with a +0 quarterstaff of speed.
You claw Joseph!
Joseph is lightly wounded.
Joseph hits you with a +0 quarterstaff of speed.
You barely miss Joseph.
Joseph is lightly wounded.
Joseph barely misses you.
You scratch Joseph.
Joseph is lightly wounded.
Joseph hits you with a +0 quarterstaff of speed!
You are too injured to fight recklessly!
You are too injured to fight recklessly!
You are too injured to fight recklessly!
You are too injured to fight recklessly!
You claw Joseph!
Joseph is moderately wounded.
Joseph hits you with a +0 quarterstaff of speed.
You claw Joseph!
Joseph is heavily wounded.
Joseph closely misses you.
You closely miss Joseph.
Joseph is heavily wounded.
Joseph hits you but does no damage.
Joseph hits you with a +0 quarterstaff of speed.
You scratch Joseph.
Joseph is heavily wounded.
Joseph hits you with a +0 quarterstaff of speed.
You claw Joseph!
Joseph is severely wounded.
Joseph hits you but does no damage.
You claw Joseph!
Joseph is almost dead.
Joseph hits you with a +0 quarterstaff of speed!
* * * LOW HITPOINT WARNING * * *
You claw Joseph!
Joseph is almost dead.
Joseph hits you with a +0 quarterstaff of speed!
* * * LOW HITPOINT WARNING * * *
Joseph hits you with a +0 quarterstaff of speed!
You die...

### #.# #.#######
#######.@......
#.....[@.......
#.#####.####### #.# #.#.....#
#######.#####.#.....#### #
#......>...............# .#
#.#####.#####.#.....##.####.#.
#####.......................
#....)......................
#.###.#........##...........


You could see Joseph.

Vanquished Creatures
  A kobold demonologist (D:6)
  A steam dragon (D:8)
  A black bear (D:5)
  2 ice beasts
  An orc warrior (D:6)
  A necrophage (D:5)
  3 ogres
  A phantom (D:6)
  A bullfrog (D:7)
  A gnoll sergeant (D:6)
  2 scorpions (D:6)
  A water moccasin zombie (D:7)
  4 wights (D:8)
  A bullfrog zombie (D:6)
  3 centaur zombies
  A jelly (D:5)
  2 centaur skeletons (D:5)
  2 hounds
  An orc priest (D:8)
  2 bullfrog skeletons (D:7)
  Jessica (D:2)
  A scorpion zombie (D:5)
  Terence (D:2)
  An iguana (D:4)
  2 hound skeletons (D:4)
  4 gnolls
  A howler monkey skeleton (D:6)
  6 adders
  A shadow imp (D:7)
  A white imp (D:6)
  An ufetubus (D:6)
  2 worms
  A dart slug (D:1)
  11 orcs
  6 bats
  8 endoplasms
  7 giant cockroaches
  3 goblins
  6 hobgoblins
  2 jackals (D:2)
  2 quokkas
  2 ball pythons
  4 frilled lizards
  2 kobolds
  3 rats (D:2)
111 creatures vanquished.

Notes
Turn   | Place    | Note
-------+----------+-------------------------------------------
     0 | D:1      | PentaManta the Ghoul Monk began the quest for the Orb.
     0 | D:1      | Reached XP level 1. HP: 19/19 MP: 0/0
   104 | D:1      | Found a faded altar of an unknown god.
   211 | D:1      | Found Saunwa's Jewellery Boutique.
   220 | D:1      | Reached skill level 4 in Unarmed Combat
   220 | D:1      | Reached XP level 2. HP: 26/26 MP: 1/1
   769 | D:1      | Reached XP level 3. HP: 31/31 MP: 2/2
  1273 | D:2      | Noticed Jessica
  1295 | D:2      | Killed Jessica
  1296 | D:2      | Reached skill level 5 in Unarmed Combat
  1296 | D:2      | Reached XP level 4. HP: 30/38 MP: 3/3
  1716 | D:2      | Noticed Terence
  1723 | D:2      | Killed Terence
  2026 | D:3      | Reached skill level 6 in Unarmed Combat
  2050 | D:3      | Noticed an ice beast
  2068 | D:3      | Killed an ice beast
  2069 | D:3      | Reached XP level 5. HP: 17/45 MP: 4/4
  2316 | D:3      | Reached skill level 7 in Unarmed Combat
  2613 | D:3      | Reached XP level 6. HP: 51/51 MP: 5/5
  2762 | D:3      | Found a hide-covered altar of Uskayaw.
  3007 | D:4      | Found a shadowy altar of Dithmenos.
  3067 | D:4      | Reached skill level 8 in Unarmed Combat
  3296 | D:4      | Found a radiant altar of Vehumet.
  3468 | D:4      | Reached XP level 7. HP: 57/57 MP: 6/6
  3756 | D:5      | Entered Level 5 of the Dungeon
  3789 | D:5      | Reached skill level 9 in Unarmed Combat
  4603 | D:5      | Found a shimmering blue altar of Sif Muna.
  4992 | D:6      | Reached skill level 10 in Unarmed Combat
  4992 | D:6      | Reached XP level 8. HP: 63/63 MP: 7/7
  5014 | D:6      | You fall into a shaft and drop 2 floors!
  5061 | D:8      | Reached skill level 1 in Armour
  5288 | D:8      | Found a broken altar of Ashenzari.
  5593 | D:7      | Found a hazy altar of Hepliaklqana.
  5593 | D:7      | Found an ancient bone altar of Kikubaaqudgha.
  5603 | D:6      | Found an iron altar of Okawaru.
  5622 | D:6      | Became a worshipper of Warmaster Okawaru
  5622 | D:6      | Reached * piety under Okawaru
  5622 | D:6      | Reached ** piety under Okawaru
  5628 | D:6      | Found a staircase to the Ecumenical Temple.
  5698 | D:6      | Reached skill level 5 in Fighting
  5743 | Temple   | Entered the Ecumenical Temple
  6051 | D:6      | Reached XP level 9. HP: 25/75 MP: 8/8
  6204 | D:6      | Noticed a kobold demonologist
  6212 | D:6      | Noticed a red devil
  6222 | D:6      | Noticed an ice devil
  6223 | D:6      | Killed a kobold demonologist
  6224 | D:6      | Reached skill level 11 in Unarmed Combat
  7096 | D:7      | Noticed Joseph
  7111 | D:7      | Mangled by Joseph

Illustrated notes

Levels and vault maps discovered:
D:1:      psy_arrival_statuary, layout_loops_corners,
          dreamdust_ecumenical_altar_statues, serial_shops, shop, minivault_11
D:2:      layout_loops_ring, minmay_worlds_worst_comb, uniq_terence,
          uniq_jessica
D:3:      layout_loops_cross, mainiacjoe_overflow_alcove_4,
          kennysheep_generic_room_14
D:4:      layout_loops_ring, nicolae_dithmenos_shadow_blocks, lemuel_tele_altar,
          lightli_ossuary_entry_decrepit_ruins
D:5:      layout_loops_corners, nicolae_sif_muna_condensation,
          hangedman_decor_riveting, kennysheep_doodads
D:6:      layout_basic, okawaru_trees_1, nicolae_overflow_hidden_temple,
          temple_pool_b
D:7:      layout_basic, grunt_temple_overflow_open, jmf_multi_god_temple2,
          uniq_joseph
D:8:      cheibrodos_statue_roulette, layout_layer_cave,
          evilmike_ruin_ashenzari, serial_shops, nicolae_shop_behind_doors
D:9:      layout_basic, mainiacjoe_overflow_surrounded_room
Temple:   corrupted_temple

Skill      XL: |  1  2  3  4  5  6  7  8  9 |
---------------+----------------------------+-----
Unarmed Combat | 4 5 6 7 8 10 11 | 11.0
Armour         | 3 4 |  4.6
Fighting       | 5 6 |  6.7
Dodging        | |  2.6
Stealth        | |  2.1

Action                   |  1- 3 |  4- 6 |  7- 9 || total
-------------------------+-------+-------+-------++-------
Melee: Unarmed           |    72 |   160 |   243 ||   475
       Punch             |     2 |     2 |     7 ||    11
Throw: Javelin           |       |     4 |     8 ||    12
       Dart              |       |     6 |       ||     6
       Boomerang         |       |       |    11 ||    11
Evoke: Wand              |       |       |     5 ||     5
 Stab: Sleeping          |     1 |     1 |       ||     2
       Paralysed         |       |       |     4 ||     4
Armor: Ring mail         |    18 |    17 |       ||    35
       Scale mail        |       |    40 |    92 ||   132
Dodge: Dodged            |    24 |    66 |   116 ||   206
